 Dungeon Crawl Stone Soup version 0.27-a0-54-g64bdb92e38 (webtiles) character file.

Game seed: 5474350431700475927

298 kae the Insei (level 6, -1/41 HPs)
             Began as an Octopode Transmuter on Jan 7, 2021.
             Killed from afar by an orc wizard (8 damage)
             ... with a magic dart
             ... on level 4 of the Dungeon.
             The game lasted 00:02:12 (4313 turns).

kae the Insei (Octopode Transmuter)                 Turns: 4313, Time: 00:02:13

Health: -1/41      AC:  1    Str: 12    XL:     6   Next: 36%
Magic:  10/10      EV: 13    Int: 15    God:
Gold:   176        SH:  0    Dex: 12    Spells: 7/11 levels left

rFire    . . .     SeeInvis .     - Unarmed
rCold    . . .     Faith    .   (no shield)
rNeg     . . .     Spirit   .   (helmet currently unavailable)
rPois    .         Reflect  .   j - amulet of magic regeneration
rElec    .         Harm     .   (no ring)
rCorr    .         Rampage  .   (no ring)
Will     .....                  (no ring)
Stlth    ++........             (no ring)
HPRegen  0.13/turn              (no ring)
MPRegen  0.37/turn              (no ring)
                                (no ring)
                                (no ring)

@: about to teleport, appendages (expiring), attractive
A: almost no armour, stealthy swim, amphibious, 8 rings, constrict 8, tentacle
spike 3, camouflage 1, gelatinous body 1
a: End Transformation


You were on level 4 of the Dungeon.
One of your tentacles had a temporary spike.
You visited 1 branch of the dungeon, and saw 4 of its levels.

You collected 176 gold pieces.

Inventory:

Jewellery
 j - an amulet of magic regeneration (around mantle)
Wands
 c - a wand of disintegration (17)
 h - a wand of enslavement (2)
Scrolls
 b - 3 scrolls of fog
 e - a scroll of identify
 i - a scroll of teleportation
 n - a scroll of magic mapping
 p - a scroll of amnesia
Potions
 a - a potion of might
 d - a potion of flight
 f - 3 potions of degeneration
 g - a potion of magic
 k - a potion of invisibility
 m - 4 potions of curing


   Skills:
 + Level 2.8 Fighting
 - Level 2.0 Dodging
 * Level 5.0 Unarmed Combat
 - Level 3.0 Spellcasting
 + Level 3.3 Transmutations


You had 7 spell levels left.
You knew the following spells:

 Your Spells              Type           Power        Failure   Level
a - Beastly Appendage     Tmut           24%          4%          1
b - Spider Form           Tmut/Pois      3%           30%         3

Your spell library contained the following spells:

 Spells                   Type           Power        Failure   Level
 Wereblood                Tmut           12%          8%          2
 Ice Form                 Ice/Tmut       7%           69%         4
 Blade Hands              Tmut           6%           80%         5


Dungeon Overview and Level Annotations

Branches:
Dungeon (4/15)
 Temple: D:4-7

Altars:
Dithmenos


Innate Abilities, Weirdness & Mutations

You cannot wear most types of armour.
You are very stealthy in the water. (Stealth+)
You are amphibious.
You can wear up to eight rings at the same time.
You can use your tentacles to constrict eight enemies at once.
Your skin changes colour to match your surroundings (Stealth+).
Your rubbery body absorbs attacks. (AC +1, EV +1)
One of your tentacles bears a large vicious spike.


Message History

The orc wizard hits you with a +0 dagger.
It was a potion of attraction.
You feel attractive to monsters. The orc wizard barely misses you.
The orc wizard casts a spell.
The orc wizard blinks!
The orc wizard hits you but does no damage.
The orc is pulled toward you! The orc wizard is pulled toward you!
As you read the scroll of teleportation, it crumbles to dust.
You feel strangely unstable. The orc wizard completely misses you.
The orc wizard gestures at you while chanting.
The magic dart hits you!
* * * LOW HITPOINT WARNING * * *
You tentacle-slap the orc wizard but do no damage.
Your grab misses the orc wizard.
Your tentacle spike misses the orc wizard.
The orc wizard closely misses you. The orc wizard casts a spell at you.
The magic dart hits you!
You die...

#..############# #..#
#..#############
#...............
#..#########.### #..# #.# #
#..# #.# # ###########..#
#.# # #......oo@o..# #.# #
..####o####..#########'###
##.....##.............##
#.......#.............##
#.......#...รท.....)...#.
#.....?_......++...........
#..#.......#..##...........
#..#.......#......#######..
#. ##.....##......# #..


You could see 2 orc wizards and 2 orcs.

Vanquished Creatures
  A howler monkey (D:2)
  A hound (D:4)
  Ijyb (D:4)
  A worker ant (D:4)
  A hound skeleton (D:4)
  3 adders
  An ooze (D:4)
  A worm (D:2)
  2 dart slugs
  4 leopard geckos
  5 orcs
  A bat zombie (D:1)
  6 giant cockroaches
  18 goblins
  10 hobgoblins
  14 jackals
  13 kobolds
  3 quokkas
  8 bats
  5 frilled lizards
  A giant cockroach zombie (D:1)
  7 rats
107 creatures vanquished.

Notes
Turn   | Place    | Note
-------+----------+-------------------------------------------
     0 | D:1      | kae the Octopode Transmuter began the quest for the Orb.
     0 | D:1      | Reached XP level 1. HP: 13/13 MP: 3/3
   203 | D:1      | Reached XP level 2. HP: 18/18 MP: 3/5
   766 | D:1      | Reached XP level 3. HP: 23/23 MP: 4/6
  1306 | D:2      | Learned a level 3 spell: Spider Form
  1646 | D:2      | Reached XP level 4. HP: 17/29 MP: 7/7
  1974 | D:2      | Reached skill level 4 in Unarmed Combat
  1974 | D:2      | Reached XP level 5. HP: 22/34 MP: 7/9
  4038 | D:4      | Noticed Ijyb
  4078 | D:4      | Killed Ijyb
  4079 | D:4      | Reached XP level 6. HP: 36/41 MP: 10/10
  4254 | D:4      | Reached skill level 5 in Unarmed Combat
  4290 | D:4      | Found a shadowy altar of Dithmenos.
  4313 | D:4      | Killed from afar by an orc wizard

Illustrated notes

Levels and vault maps discovered:
D:1:      saegor_arrival_fortress, layout_loops_ring
D:2:      layout_loops_ring, minmay_stone_trees_large,
          kennysheep_generic_room_12
D:3:      layout_loops_corners
D:4:      kennysheep_the_goblin_king, layout_basic, old_standard_altar,
          temple_doors_cd, serial_corexii_hall, corexii_hall_statues_i,
          corexii_hall_statues_i

Skill      XL: |  1  2  3  4  5  6 |
---------------+-------------------+-----
Fighting       | 2 |  2.8
Unarmed Combat | 4 5 |  5.0
Transmutations | 3 |  3.3
Spellcasting   | 3 |  3.0
Dodging        | |  2.0

Action                   |  1- 3 |  4- 6 || total
-------------------------+-------+-------++-------
Melee: Unarmed           |    98 |   135 ||   233
       Constrict         |    28 |    33 ||    61
       Kick              |    18 |    27 ||    45
       Tentacles         |    10 |    25 ||    35
       Punch             |     4 |     2 ||     6
 Cast: Beastly Appendage |    29 |    28 ||    57
       Spider Form       |       |     2 ||     2
  Use: Scroll            |     6 |     8 ||    14
       Potion            |       |     3 ||     3
 Stab: Sleeping          |     4 |     6 ||    10
Armor: Skin              |     8 |    11 ||    19
Dodge: Dodged            |    65 |   135 ||   200

Table legend: (Time is in decaauts)
 A = Elapsed time spent in this place.
 B = Non-inter-level travel time spent in this place.
 C = Inter-level travel time spent in this place.
 D = Time resting spent in this place.
 E = Time spent auto-exploring this place.
 F = Levels seen in this place.
 G = Mean time per level.
                   A        B        C        D        E       F      G
               +--------+--------+--------+--------+--------+-----+--------+
         Total |   4294 |   4218 |     76 |      0 |   3515 |   4 | 1073.5 |
       Dungeon |   4294 |   4218 |     76 |      0 |   3515 |   4 | 1073.5 |
               +--------+--------+--------+--------+--------+-----+--------+

Top non-repeatable levels by time:
     D:1: 1271 daAuts
     D:3: 1178 daAuts
     D:2: 1102 daAuts
     D:4: 742 daAuts
